 Dungeon Crawl Stone Soup version 0.20.1-1-g8b1a95d (webtiles) character file.

110 asdasd2 the Covered (level 4, -1/40 HPs)
             Began as a Minotaur Fighter on Aug 5, 2017.
             Slain by Crazy Yiuf
             ... wielding a +4 quarterstaff of chaos
              (5 damage)
             ... on level 2 of the Dungeon.
             The game lasted 00:01:59 (1580 turns).

asdasd2 the Covered (Minotaur Fighter)              Turns: 1580, Time: 00:01:59

Health: -1/40      AC:  7    Str: 21    XL:     4   Next: 61%
Magic:  3/3        EV:  7    Int:  5    God:
Gold:   68         SH:  9    Dex: 10    Spells: 3/3 levels left

rFire    . . .     SeeInvis .   n - -1 hand axe (curse)
rCold    . . .     Gourm    .   c - +0 shield
rNeg     . . .     Faith    .   b - +0 scale mail
rPois    .         Spirit   .   (helmet restricted)
rElec    .         Reflect  .   (no cloak)
rCorr    .         Harm     .   (no gloves)
MR       .....                  (no boots)
Stlth    ..........             (no amulet)
Regen    0.2/turn               (no ring)
MPRegen  0.1/turn               (no ring)

@: drained
A: retaliatory headbutt, horns 2
a: no special abilities


You were on level 2 of the Dungeon.
You were not hungry.

You visited 1 branch of the dungeon, and saw 2 of its levels.

You collected 68 gold pieces.

Inventory:

Hand Weapons
 a - a +0 war axe
 n - a cursed -1 hand axe (weapon)
Armour
 b - a +0 scale mail (worn)
 c - a +0 shield (worn)
Scrolls
 h - a scroll of blinking
 j - 2 scrolls of recharging {unknown}
Potions
 d - a potion of might
 e - a potion of berserk rage
 i - a potion of flight {unknown}
Comestibles
 f - 3 bread rations
 g - 4 fruits
 l - a meat ration


   Skills:
 + Level 4.3(3.6) Fighting
 + Level 3.7(3.0) Axes
 + Level 4.7(4.0) Armour
 + Level 0.4(0.0) Dodging
 + Level 4.2(3.5) Shields


You had 3 spell levels left.
You didn't know any spells.

Dungeon Overview and Level Annotations

Branches:
Dungeon (2/15)

Altars:
Dithmenos
Gozag

Annotations:
D:2 Crazy Yiuf


Innate Abilities, Weirdness & Mutations

You reflexively headbutt those who attack you in melee.
You have a pair of horns on your head.


Message History

You feel drained.
* * * LOW HITPOINT WARNING * * *
The leopard gecko bites you but does no damage.
Unknown command.
You barely miss Crazy Yiuf.
Crazy Yiuf is heavily wounded.
You hit the leopard gecko but do no damage.
You block the leopard gecko's attack. You block Crazy Yiuf's attack.
Unknown command.
You closely miss Crazy Yiuf.
Crazy Yiuf is heavily wounded.
You miss the leopard gecko.
The leopard gecko bites you but does no damage.
Crazy Yiuf barely misses you.
Unknown command.
Your shield and scale mail prevent you from hitting Crazy Yiuf.
Crazy Yiuf is heavily wounded.
You miss the leopard gecko. You block the leopard gecko's attack.
Crazy Yiuf hits you with a quarterstaff of chaos.
You die...

.#...........# #####.####
.#.##........# #.......##
.#.###+#.....# #.......''
.#.###.#.....###########.......##
.#.............................##
.#####..................#########
.#.....>.........................
.#.###....<#.........(...........
.#.# #..####....@#######.........
...# #.......#..gl.....+.........
#######.....##.##.....##.......#.
#.........##.##.....###.......#
#........(+...'................
#.........##'##.........##.....
###....####...####......##.#...
##..## #...#.........##.#...
#....# #...#.........##.#...


You could see Crazy Yiuf and a leopard gecko.

Vanquished Creatures
  4 adders (D:2)
  A gnoll (D:1)
  An ooze (D:1)
  3 dart slugs
  2 leopard geckos
  9 bats
  3 giant cockroaches (D:1)
  7 goblins
  4 hobgoblins
  3 jackals (D:1)
  4 frilled lizards
  7 kobolds
  4 rats
52 creatures vanquished.

Notes
Turn   | Place    | Note
-------+----------+-------------------------------------------
     0 | D:1      | asdasd2 the Minotaur Fighter began the quest for the Orb.
     0 | D:1      | Reached XP level 1. HP: 19/19 MP: 0/0
    56 | D:1      | Reached XP level 2. HP: 18/27 MP: 1/1
   102 | D:1      | Reached XP level 3. HP: 23/33 MP: 2/2
   777 | D:2      | Found an opulent altar of Gozag.
   798 | D:2      | Reached XP level 4. HP: 33/40 MP: 3/3
   942 | D:2      | Found a shadowy altar of Dithmenos.
  1118 | D:2      | Found a runed door.
  1432 | D:2      | Noticed Crazy Yiuf
  1580 | D:2      | Slain by Crazy Yiuf

Skill      XL: |  1  2  3 |
---------------+----------+-----
Armour         | 4 |  4.7
Fighting       | 4 |  4.3
Axes           | 3 |  3.7
Shields        | 4 |  4.2
Dodging        | |  0.4

Action                   |  1- 3 |  4- 6 || total
-------------------------+-------+-------++-------
Melee: War axe           |    74 |    22 ||    96
       Headbutt          |    11 |     6 ||    17
       Hand axe          |       |    37 ||    37
  Use: Scroll            |       |     5 ||     5
  Eat: Chunk             |       |     2 ||     2
Armor: Scale mail        |    29 |    20 ||    49
Dodge: Dodged            |    16 |    22 ||    38
Block: Shield            |    46 |    32 ||    78
